 Dungeon Crawl Stone Soup version 0.14-a0-1413-g94b8a5e (webtiles) character file.

60066 MirrMurr the Unseen (level 14, -21/70 HPs)
             Began as a Spriggan Enchanter on Dec 8, 2013.
             Was the Champion of Ashenzari.
             Demolished by Saint Roka
             ... wielding a +0,+6 halberd of freezing
              (42 damage)
             ... on Level 4 of the Orcish Mines on Dec 12, 2013.
             The game lasted 02:45:29 (29937 turns).

MirrMurr the Unseen (Spriggan Enchanter)           Turns: 29937, Time: 02:45:30

HP -21/70        AC  9     Str 10      XL: 14   Next: 46%
MP  16/36        EV 26     Int 21      God: Ashenzari [******]
Gold 2312        SH  0     Dex 17      Spells:  7 memorised, 11 levels left

rFire  + . .     SeeInvis +     a - +3 orc dagger (curse)
rCold  + . .     Clarity  +     m - +2 robe {rF+} (curse)
rNeg   . . .     Conserve .     (shield restricted)
rPois  +         rCorr    .     W - +2 wizard hat
rElec  .         rRot     .     v - +2 cloak
SustAb . .       Spirit   .     (gloves unavailable)
rMut   .         Warding  .     (boots unavailable)
Saprov . . .     Stasis   .     (no amulet)
                                O - cursed ring "Ugivurafonk" {rC+ Str+2 Int+4}
                                r - cursed +5,+5 ring of slaying

@: regenerating, invisible, very slightly contaminated, very quick, very
resistant to hostile enchantments, incredibly stealthy
A: unfitting armour, see invisible, herbivore 3, speed 3, poison resistance,
slow metabolism 2
a: Scrying, Transfer Knowledge, Renounce Religion


You were on level 4 of the Orcish Mines.
You worshipped Ashenzari.
Ashenzari was exalted by your worship.
You were hungry.

You visited 4 branches of the dungeon, and saw 25 of its levels.
You also visited: Labyrinth.

You collected 2570 gold pieces.
You spent 258 gold pieces at shops.

Inventory:

Hand weapons
 a - a cursed +3,+3 orcish dagger (weapon)
Missiles
 k - 4 poisoned tomahawks (quivered)
Armour
 m - a cursed +2 robe of fire resistance (worn)
 v - a +2 cloak (worn)
 R - a +2 orcish robe of positive energy
 T - a +2 robe of the Archmagi
 W - a +2 wizard hat (worn)
 X - a +2 robe of magic resistance
Magical devices
 h - a wand of polymorph (10)
 p - a wand of paralysis (6)
 K - a wand of fire (1)
 L - a wand of digging (8)
 N - a wand of teleportation (4)
 P - a wand of fire (10)
 Q - a wand of cold (4)
 U - a wand of cold (7)
Comestibles
 u - 2 apples
 w - 5 pears
 A - a bread ration
 H - 4 honeycombs
 I - a royal jelly
 M - a choko
 S - a banana
Scrolls
 b - 2 scrolls of recharging {unknown}
 f - 2 scrolls of fear
 i - 5 scrolls of identify
 j - a scroll of curse jewellery
 l - 4 scrolls of blinking
 n - a scroll of curse weapon
 s - a scroll of enchant weapon I
 t - 3 scrolls of teleportation
 y - 3 scrolls of magic mapping
 z - 6 scrolls of remove curse
 J - 3 scrolls of fog
Jewellery
 r - a cursed +5,+5 ring of slaying (left hand)
 O - the cursed ring "Ugivurafonk" (right hand) {rC+ Str+2 Int+4}
   (You found it on level 2 of the Lair of Beasts)

   [ring of protection from cold]

   It affects your strength (+2).
   It affects your intelligence (+4).
   It has a curse placed upon it.
Potions
 c - a potion of restore abilities
 d - a potion of might
 e - a potion of porridge
 g - 6 potions of curing
 o - 2 potions of agility
 x - a potion of invisibility
 B - a potion of lignification
 C - a potion of speed
 D - 2 potions of resistance
 E - 4 potions of heal wounds
 F - a potion of brilliance
Books
 q - a book of Power

   Spells                             Type                      Level
   Iskenderun's Mystic Blast          Conjuration                  4
   Venom Bolt                         Conjuration/Poison           5
   Bolt of Magma                      Conjuration/Fire/Earth       5
   *Fulminant Prism                   Conjuration/Hexes            5
   Iron Shot                          Conjuration/Earth            6
   Orb of Destruction                 Conjuration                  7


   Skills:
 - Level 6.1 Fighting
 - Level 7.7(12.2) Short Blades
 - Level 5.3 Throwing
 - Level 10.4 Dodging
 + Level 19.3 Stealth
 + Level 12.2 Spellcasting
 * Level 3.4(6.1) Conjurations
 - Level 12.8(15.4) Hexes
 - Level 5.5(8.6) Charms
 - Level 3.1(5.7) Necromancy
 - Level 10.2(13.0) Evocations


You had 11 spell levels left.
You knew the following spells:

 Your Spells              Type           Power        Failure   Level  Hunger
a - Ensorcelled Hibernat  Hex/Ice        #####.       1%          2    None
b - Confuse               Hex            ######..     1%          3    None
c - Animate Dead          Necr           N/A          6%          4    None
d - Fulminant Prism       Conj/Hex       ######....   1%          5    ###....
e - Vampiric Draining     Necr           #####.....   1%          3    None
i - Invisibility          Hex            ######..     1%          6    #####..
R - Regeneration          Chrm/Necr      #####.....   1%          3    None


Dungeon Overview and Level Annotations

Branches:
Dungeon (12/16)            Temple (1/1) D:4             Orc (4/4) D:12
    Elf (0/3) Orc:3          Lair (8/8) D:10         Shoals (0/5) Lair:4
  Snake (0/5) Lair:5        Slime (0/6) Lair:6

Altars:
Ashenzari
Cheibriados
Elyvilon
Fedhas
Kikubaaqudgha
Makhleb
Nemelex Xobeh
Okawaru
Sif Muna
Trog
Vehumet
Xom
Yredelemnul
Zin
the Shining One
Beogh

Shops:
D:8 [(%%   Orc:2 +[+[   Orc:4 [(((

Annotations:
D:6 mopl's ghost, experienced OpVM
D:8 food
D:10 cheese
Orc:4 Saint Roka


Innate Abilities, Weirdness & Mutations

You are tiny and cannot use many weapons and most armour.
You have supernaturally acute eyesight.
You are a herbivore.
You cover ground extremely quickly.
You need consume almost no food.
Your system is resistant to poisons.


Message History

Saint Roka wields an uncursed halberd of freezing.
It glows with a cold blue light!
Saint Roka hits you with an uncursed halberd of freezing!
* * * LOW HITPOINT WARNING * * *
You are too injured to fight recklessly!
The helpless warg fails to defend itself.
You chop the warg into pieces!!!!!
You kill the warg!
Casting: Ensorcelled Hibernation
Confirm with . or Enter, or press ? or * to list all spells.
Aiming: Ensorcelled Hibernation
Press: ? - help, Shift-Dir - straight line, f - Saint Roka
Aim: Saint Roka, wielding a halberd of freezing, wearing an orcish plate armour of fire resistance, quivering 10 bolts and carrying an uncursed crossbow of flame Saint Roka easily resists.
Saint Roka misses you.
You strike the helpless Saint Roka from behind!
You chop Saint Roka into pieces!!!
Saint Roka is moderately wounded.
Saint Roka hits you with an uncursed halberd of freezing!
Ouch! That really hurt!
You die...

##.##...##....#..8..'........#'##
##..#####.....#...).#.....##...).
.#............##...##.....#.....)
......#........#####..........[)#
.........#.....................[[
#...............................[
##(.............%(<(.............
#).............o................
###............%@.........).##.(.
8.#))...............[.)...[[.#..(
..'.8(........###'#.)...<.......(
..'.(........##...##.)...#.......
..'[8.(o.....#.....#............#
8.#..).......#..[..#.............
###..#.......#..8..#.............
#...........##(..##.............
##............#####)z##......#...


You could see Saint Roka.

Vanquished Creatures
  Maud (Lair:3)
  5 dire elephants (Lair:8)
  A minotaur (Lab)
  An anaconda (Lair:8)
  5 hydras
  2 orc high priests
  Erolcha (D:11)
  2 orc knights (Orc:2)
  The ghost of Torious the Summoner, an experienced DESu of Sif Muna (D:10)
  3 orc sorcerers
  A cyclops (D:12)
  13 elephants
  An oklob plant (Lair:8)
  A feature mimic (Lair:6)
  A queen ant (Lair:1)
  Psyche (D:10)
  3 black mambas
  A fire drake (Lair:4)
  3 spiny frogs
  4 komodo dragons
  A troll (Orc:2)
  6 wandering mushrooms
  2 two-headed ogres
  12 blink frogs
  A queen bee (Lair:3)
  2 ravens (Lair:3)
  5 basilisks
  5 sharks
  A wyvern (D:11)
  28 yaks
  A hill giant skeleton (D:11)
  Grum (D:8)
  6 hippogriffs
  2 hungry ghosts
  14 wolves
  2 manticores
  5 ice beasts
  21 soldier ants
  6 porcupines
  A necrophage (D:9)
  2 nagas (Lair:5)
  37 orc warriors
  10 ogres
  A phantom (D:4)
  7 sky beasts
  2 lava worms (Lair:1)
  2 giant goldfish (Lair:5)
  3 black bears
  4 centaurs
  12 crocodiles
  A big kobold (D:11)
  4 wargs
  A boring beetle (Lair:8)
  6 giant slugs
  Blork the orc (D:4)
  9 agate snails
  A gnoll sergeant (D:9)
  11 water moccasins
  A yaktaur skeleton (D:11)
  11 giant frogs
  An electric eel (Lair:5)
  32 killer bees
  3 wights (D:9)
  3 lava fish (Lair:1)
  2 jellyfish (Lair:5)
  3 lava snakes (Lair:1)
  A goliath beetle (D:11)
  8 crimson imps
  A quasit (D:11)
  A big fish (Lair:5)
  26 orc priests
  5 hounds
  An orange rat (D:7)
  2 jellies
  3 giant frog skeletons
  6 iguanas
  31 orc wizards
  3 centaur skeletons
  6 scorpions
  28 worker ants
  12 sheep
  An ogre zombie (Orc:1)
  A sky beast zombie (D:10)
  A hound zombie (D:8)
  A hound skeleton (D:9)
  9 gnolls
  20 adders
  19 green rats
  5 giant centipedes
  6 giant mites
  An inept feature mimic (D:3)
  8 worms
  An iguana zombie (D:5)
  An adder skeleton (D:4)
  4 grey rats (D:7)
  3 giant eyeballs
  8 giant geckos
  3 oozes
  195 orcs
  25 bats
  11 giant cockroaches
  21 hobgoblins
  22 kobolds
  7 quokkas
  3 ball pythons
  7 giant newts
  A giant spore (D:9)
  24 goblins
  27 jackals
  A kobold skeleton (D:8)
  2 orc zombies
  39 rats
  12 ballistomycetes
  6 plants
972 creatures vanquished.

Vanquished Creatures (collateral kills)
  2 hydras
  A spiny frog (Lair:7)
  A blink frog (Lair:7)
  2 ogres
  An orc warrior (Orc:1)
  2 crocodiles
  5 orc wizards
  6 green rats (Lair:8)
  32 orcs
  A goblin (Orc:1)
53 creatures vanquished.

Vanquished Creatures (others)
  An anaconda zombie (Lair:8)
  An agate snail zombie (Lair:8)
  A warg (Orc:4)
  A blink frog skeleton (Lair:7)
  A giant slug zombie (Lair:8)
  A yak skeleton (Lair:7)
  A boring beetle zombie (Lair:8)
  10 fulminant prisms
  A water moccasin zombie (Lair:8)
  2 giant frog skeletons
  An orc wizard (Orc:4)
  A water moccasin skeleton (Lair:7)
  A porcupine skeleton (Lair:6)
  An ogre zombie (Orc:4)
  An adder (D:9)
  An adder zombie (Lair:8)
  An adder skeleton (Lair:6)
  An iguana skeleton (Lair:6)
  2 orcs (Orc:3)
  A quokka (D:8)
  A giant spore (Orc:1)
  A goblin zombie (Orc:4)
  A green rat zombie (Lair:8)
  77 orc zombies
  3 fungi (Lair:8)
114 creatures vanquished.

Grand Total: 1139 creatures vanquished

Notes
Turn   | Place    | Note
--------------------------------------------------------------
     0 | D:1      | MirrMurr, the Spriggan Enchanter, began the quest for the Orb.
     0 | D:1      | Reached XP level 1. HP: 9/9 MP: 4/4
    82 | D:1      | Reached skill level 4 in Stealth
   101 | D:1      | Reached XP level 2. HP: 10/13 MP: 7/7
   106 | D:1      | Learned a level 2 spell: Ensorcelled Hibernation
   289 | D:1      | Reached skill level 5 in Stealth
   544 | D:1      | Reached XP level 3. HP: 13/16 MP: 9/9
   805 | D:1      | Reached skill level 6 in Stealth
  1525 | D:2      | Reached XP level 4. HP: 10/21 MP: 10/12
  2625 | D:3      | Reached skill level 7 in Stealth
  2625 | D:3      | Reached XP level 5. HP: 19/24 MP: 9/14
  3625 | D:3      | Reached skill level 8 in Stealth
  3724 | D:2      | Found a radiant altar of Vehumet.
  3968 | D:4      | Found a staircase to the Ecumenical Temple.
  3985 | Temple   | Entered the Ecumenical Temple
  3994 | Temple   | Became a worshipper of Ashenzari the Shackled
  4193 | D:4      | Noticed Blork the orc
  4441 | D:4      | Reached XP level 6. HP: 28/28 MP: 17/17
  4484 | D:4      | Upgraded the game from 0.14-a0-1378-gf8e6a88 to 0.14-a0-1403-g5d3c58f
  4488 | D:4      | Learned a level 3 spell: Confuse
  4772 | D:4      | Killed Blork the orc
  4772 | D:4      | Reached skill level 9 in Stealth
  5060 | D:4      | Reached skill level 5 in Short Blades
  5060 | D:4      | Reached XP level 7. HP: 19/32 MP: 20/20
  5092 | D:5      | Entered Level 5 of the Dungeon
  5783 | D:5      | Gained mutation: Your system is resistant to poisons. [potion of beneficial mutation]
  6300 | D:5      | Found a burning altar of Makhleb.
  6300 | D:5      | Found an iron altar of Okawaru.
  6301 | D:5      | Found a snail-covered altar of Cheibriados.
  6306 | D:5      | Found a shimmering altar of Xom.
  6307 | D:5      | Found an ancient bone altar of Kikubaaqudgha.
  6463 | D:5      | Reached skill level 10 in Stealth
  6577 | D:6      | Reached XP level 8. HP: 28/36 MP: 8/23
  6631 | D:6      | Reached skill level 11 in Stealth
  6631 | D:6      | Reached skill level 5 in Spellcasting
  6970 | D:6      | Noticed mopl's ghost (experienced OpVM)
  7564 | D:7      | Reached skill level 12 in Stealth
  7611 | D:7      | Reached XP level 9. HP: 39/39 MP: 15/26
  8029 | D:7      | Reached skill level 5 in Hexes
  8090 | D:7      | Found a sparkling altar of Nemelex Xobeh.
  8874 | D:8      | Acquired Ashenzari's first power
  8962 | D:8      | Reached skill level 13 in Stealth
  9140 | D:8      | Found Epsappaa's Food Boutique.
  9256 | D:8      | Noticed Grum
  9551 | D:8      | Found a white marble altar of Elyvilon.
  9587 | D:8      | Found Heazah's Antique Armour Emporium.
  9750 | D:8      | Found Froapoont's Food Shop.
  9751 | D:8      | Killed Grum
  9751 | D:8      | Reached XP level 10. HP: 34/44 MP: 28/28
  9809 | D:8      | Found a blossoming altar of Fedhas.
  9824 | D:8      | Found Noty's Antique Weapon Shop.
 10106 | D:9      | Reached skill level 14 in Stealth
 10170 | D:9      | Reached skill level 10 in Hexes
 10309 | D:8      | Learned a level 6 spell: Invisibility
 10503 | D:9      | Identified the -5,+5 cutlass of Yphoz {drain, rF+}
 10774 | D:9      | Found a burning altar of Makhleb.
 10865 | D:10     | Entered Level 10 of the Dungeon
 11040 | D:10     | Acquired Ashenzari's second power
 11050 | D:10     | Found a staircase to the Lair.
 11218 | D:10     | Paralysed by a giant eyeball for 3 turns
 11230 | D:10     | Noticed Psyche
 11607 | D:10     | Killed Psyche
 11645 | D:10     | Reached skill level 15 in Stealth
 12225 | D:10     | Noticed Torious' ghost (experienced DESu)
 12239 | D:10     | Killed Torious' ghost
 12239 | D:10     | Reached XP level 11. HP: 47/47 MP: 23/29
 12290 | Lair:1   | Entered Level 1 of the Lair of Beasts
 12581 | Lair:1   | Reached skill level 1 in Evocations
 12651 | Lair:1   | HP: 1/47 [spiny frog (6)]
 13393 | Lair:1   | Reached skill level 5 in Dodging
 13754 | Lair:1   | Acquired Ashenzari's third power
 14052 | Lair:1   | Reached skill level 5 in Evocations
 14059 | Lair:1   | Reached skill level 16 in Stealth
 14443 | Lair:2   | Identified the ring "Ugivurafonk" {rC+ Str+2 Int+4}
 14620 | Lair:2   | Identified the -4 leather armour of Least Resistance {Str+4 Dex+3}
 15560 | Lair:3   | Noticed Maud
 15701 | Lair:3   | Reached XP level 12. HP: 51/51 MP: 31/31
 15708 | Lair:2   | Noticed an eight-headed hydra
 15713 | Lair:2   | Killed an eight-headed hydra
 15826 | Lair:3   | Acquired Ashenzari's fourth power
 15968 | Lair:3   | Killed Maud
 16227 | Lair:3   | Reached skill level 10 in Dodging
 16264 | Lair:3   | Reached skill level 10 in Evocations
 16422 | Lair:4   | Identified the cursed +3,+0 trident of Bounoigimn {freeze, rC+ Dex+3}
 16541 | Lair:4   | Found a staircase to the Shoals.
 16557 | Lair:4   | Found a labyrinth entrance.
 16569 | Lab      | Entered a labyrinth
 16965 | Lab      | Noticed a minotaur
 16968 | Lab      | Killed a minotaur
 17006 | Lab      | Identified a +4 rod of frigid destruction (10/10) (You found it in a labyrinth)
 17006 | Lab      | Identified a +5 rod of venom (11/11) (You found it in a labyrinth)
 17392 | Lair:4   | Reached skill level 17 in Stealth
 17662 | Lair:4   | Reached skill level 5 in Throwing
 17850 | Lair:5   | Found a staircase to the Snake Pit.
 18565 | Lair:5   | Reached skill level 1 in Fighting
 18569 | Lair:5   | Reached XP level 13. HP: 55/57 MP: 32/34
 18583 | Lair:5   | Reached skill level 10 in Spellcasting
 19130 | Lair:6   | Found a glowing silver altar of Zin.
 19830 | Lair:2   | Learned a level 3 spell: Regeneration
 19832 | Lair:2   | Learned a level 1 spell: Animate Skeleton
 19837 | Lair:2   | Learned a level 4 spell: Animate Dead
 19841 | Lair:2   | Learned a level 3 spell: Vampiric Draining
 20356 | Lair:6   | Found a staircase to the Slime Pits.
 20579 | Lair:7   | Reached skill level 18 in Stealth
 20793 | Lair:7   | Reached skill level 1 in Necromancy
 21341 | Lair:8   | Entered Level 8 of the Lair of Beasts
 22063 | Lair:8   | Reached skill level 1 in Charms
 22821 | Lair:8   | Noticed a dire elephant
 22821 | Lair:8   | Noticed a dire elephant
 22828 | Lair:8   | Killed a dire elephant
 22834 | Lair:8   | Killed a dire elephant
 22852 | Lair:8   | Noticed a dire elephant
 22977 | Lair:8   | Noticed a dire elephant
 22991 | Lair:8   | Killed a dire elephant
 22991 | Lair:8   | Reached skill level 5 in Fighting
 23003 | Lair:8   | Killed a dire elephant
 23096 | Lair:8   | Noticed a dire elephant
 23176 | Lair:8   | Killed a dire elephant
 23282 | Lair:8   | Reached XP level 14. HP: 55/68 MP: 33/36
 23485 | D:11     | Identified a -2 rod of venom (12/12)
 23519 | D:11     | Noticed Erolcha
 23527 | D:11     | Killed Erolcha
 23996 | D:11     | Reached skill level 5 in Charms
 24875 | D:12     | Found a staircase to the Orcish Mines.
 25105 | D:12     | Learned a level 5 spell: Fulminant Prism
 25106 | Orc:1    | Entered Level 1 of the Orcish Mines
 26148 | Orc:1    | Upgraded the game from 0.14-a0-1403-g5d3c58f to 0.14-a0-1413-g94b8a5e
 26175 | Orc:2    | Found Giap's Book Boutique.
 26211 | Orc:2    | Found a burning altar of Makhleb.
 26240 | Orc:2    | Reached skill level 1 in Conjurations
 26248 | Orc:2    | Reached skill level 19 in Stealth
 26421 | Orc:2    | Found Viunt's Antique Armour Emporium.
 26515 | Orc:2    | Found Mness' Antique Armour Boutique.
 26910 | Orc:2    | Found Agoapled's Book Boutique.
 27196 | Orc:3    | Found a roughly hewn altar of Beogh.
 27757 | Orc:3    | Found a staircase to the Elven Halls.
 27996 | Orc:4    | Entered Level 4 of the Orcish Mines
 28075 | Orc:4    | Found a roughly hewn altar of Beogh.
 28164 | Orc:4    | Found a roughly hewn altar of Beogh.
 28240 | Orc:4    | Found a roughly hewn altar of Beogh.
 28240 | Orc:4    | Found Maoreostou's Weapon Shoppe.
 28909 | Orc:4    | Found a roughly hewn altar of Beogh.
 28914 | Orc:4    | Found Ulubaig's Weapon Shop.
 29075 | Orc:4    | Noticed Saint Roka
 29076 | Orc:4    | Found a roughly hewn altar of Beogh.
 29076 | Orc:4    | Found Afraikhla's Antique Armour Boutique.
 29085 | Orc:4    | Found Ibrodwut's Antique Weapon Shop.
 29309 | Orc:4    | Bought a runed robe for 16 gold pieces
 29309 | Orc:4    | Bought a cap for 57 gold pieces
 29309 | Orc:4    | Bought a wizard hat for 57 gold pieces
 29309 | Orc:4    | Bought a glowing robe for 16 gold pieces
 29442 | Orc:4    | Bought a glowing cutlass for 112 gold pieces
 29937 | Orc:4    | Demolished by Saint Roka

Action                   |  1- 3 |  4- 6 |  7- 9 | 10-12 | 13-15 || total
-------------------------+-------+-------+-------+-------+-------++-------
Melee: Dagger            |   183 |   286 |   399 |   664 |  1159 ||  2691
Throw: Tomahawk          |     7 |    13 |       |     6 |       ||    26
 Cast: Ensorcelled Hiber |     6 |    33 |    63 |   200 |   135 ||   437
       Confuse           |       |     3 |    21 |    16 |    19 ||    59
       Invisibility      |       |       |       |    10 |    15 ||    25
       Animate Skeleton  |       |       |       |       |    17 ||    17
       Animate Dead      |       |       |       |       |    88 ||    88
       Vampiric Draining |       |       |       |       |    16 ||    16
       Fulminant Prism   |       |       |       |       |    10 ||    10
       Regeneration      |       |       |       |       |     3 ||     3
Evoke: Wand              |       |       |     2 |     4 |    10 ||    16
  Use: Scroll            |       |    10 |    13 |    12 |     4 ||    39
       Potion            |       |     1 |     7 |     2 |       ||    10
 Stab: Sleeping          |    14 |    45 |    61 |   190 |   125 ||   435
       Distracted        |       |     2 |     3 |     2 |     7 ||    14
       Confused          |       |       |     5 |     6 |     8 ||    19
       Invisible         |       |       |       |    33 |    63 ||    96
